 Dungeon Crawl Stone Soup version 0.29-a0-330-g52719c12eb (webtiles) character file.

Game seed: 10248654970982402258

406 Ajdolov the Shooter (level 6, 0/30 HPs)
             Began as a Vine Stalker Hunter on May 5, 2022.
             Slain by a sky beast (5 damage)
             ... on level 5 of the Dungeon.
             The game lasted 00:06:28 (3627 turns).

Ajdolov the Shooter (Vine Stalker Hunter)           Turns: 3627, Time: 00:06:28

Health: 0/30       AC:  7    Str: 14    XL:     6   Next: 87%
Magic:  0/7        EV: 12    Int:  9    God:
Gold:   169        SH:  0    Dex: 19    Spells: 5/5 levels left

rFire   . . .      SeeInvis .   a - +1 shortbow
rCold   . . .      Faith    .   (shield currently unavailable)
rNeg    . . .      Spirit   +   b - +0 leather armour
rPois   .          Reflect  .   u - +2 helmet
rElec   .          Harm     .   (no cloak)
rCorr   .          Rampage  .   (no gloves)
Will    .....                   y - +0 pair of boots
Stlth   +++.......              (no amulet)
HPRegen 0.90/turn               (no ring)
MPRegen 0.10/turn               (no ring)

@: no status effects
A: fangs 2, regeneration 1, magic shield, antimagic bite, no potion heal 2
a: no special abilities


You were on level 5 of the Dungeon.
You visited 1 branch of the dungeon, and saw 5 of its levels.

You collected 341 gold pieces.
You spent 172 gold pieces at shops.

Inventory:

Hand Weapons
 a - a +1 shortbow (weapon)
Armour
 b - a +0 leather armour (worn)
 u - a +2 helmet (worn)
 y - a +0 pair of boots (worn)
Scrolls
 c - a scroll of immolation
 d - a scroll of brand weapon {unknown}
 g - 4 scrolls of identify {unknown}
 h - a scroll of fog {unknown}
 k - a scroll of amnesia {unknown}
 l - a scroll of blinking {unknown}
 m - 3 scrolls of teleportation {unknown}
 p - a scroll of noise {unknown}
 r - a scroll of silence {unknown}
 v - a scroll of magic mapping {unknown}
 x - 2 scrolls of enchant armour {unknown}
Potions
 e - 2 potions of brilliance {unknown}
 f - a potion of flight {unknown}
 i - a potion of curing {unknown}
 j - 2 potions of haste {unknown}
 n - a potion of ambrosia {unknown}
 o - a potion of might {unknown}
 q - 2 potions of invisibility {unknown}
 s - 3 potions of lignification {unknown}
 t - a potion of heal wounds {unknown}
 w - a potion of attraction {unknown}


   Skills:
 - Level 1.7 Fighting
 * Level 6.3 Bows
 - Level 1.5 Dodging
 - Level 5.0 Stealth


You had 5 spell levels left.
You didn't know any spells.
Your spell library contained the following spells:

 Spells                   Type           Power      Damage    Failure   Level
 Shock                    Conj/Air       0%         1d3       45%         1
 Swiftness                Air            0%         N/A       83%         3
 Airstrike                Air            0%         N/A       99%         4


Dungeon Overview and Level Annotations

Branches:
Dungeon (5/15)
 Temple: D:4-7

Altars:
Ashenzari
Ru

Shops:
D:1 [   D:4 [

Annotations:
D:4 exclusion: kobold brigand
D:5 exclusions: ice beast, iguana and water moccasin, Sigmund


Innate Abilities, Weirdness & Mutations

You have extremely sharp teeth.
Your natural rate of healing is unusually fast.
When hurt, damage is shared between your health and your magic reserves.
Your bite disrupts and absorbs the magic of your enemies.
Potions cannot restore your health.


Message History

The hound is moderately wounded.
Something hits you but does no damage. x2
You shoot an arrow. The arrow hits the hound.
The hound is heavily wounded.
Something hits you. Something shocks you.
You shoot an arrow. The arrow barely misses the hound.
Something hits you. Something shocks you.
You shoot an arrow. The arrow barely misses the hound.
Something hits you but does no damage.
You shoot an arrow. The arrow hits the hound.
The hound is almost dead.
Something hits you but does no damage. x2
You shoot an arrow. The arrow hits the hound!
You kill the hound!
Something hits you. Something shocks you.
You are too injured to fight recklessly!
You are too injured to fight recklessly!
You are too injured to fight recklessly!
Unknown command.
Something hits you.
* * * LOW HITPOINT WARNING * * *
Something shocks you.
* * * LOW HITPOINT WARNING * * *
A sky beast appears from thin air!
Reactivating autopickup.
Shoot: a) +1 shortbow
Press: ? - help, Q - select action Shift-Dir - straight line, f - sky beast
Aim: a sky beast (heavily wounded, 56% to hit)
You shoot an arrow. The arrow closely misses the sky beast.
The sky beast hits you but does no damage.
Unknown command.
Shoot: a) +1 shortbow
Press: ? - help, Q - select action Shift-Dir - straight line, f/p - sky beast
Aim: a sky beast (heavily wounded, 56% to hit)
You shoot an arrow. The arrow hits the sky beast.
The sky beast is severely wounded.
The sky beast hits you.
* * * LOW HITPOINT WARNING * * *
The sky beast shocks you.
You die...

###############
#.Y@..........#
#.###########.#
#.# #.#
#.####### #.#
#)#.....# #.#
#.#.....# #.#
#.#.....# #.#
.##.....# #.# .
#.....# #.#


You could see a sky beast.

Vanquished Creatures
  2 centaurs
  3 hounds (D:5)
  An iguana (D:5)
  An orc wizard (D:5)
  Robin (D:4)
  A worm (D:2)
  A dart slug (D:1)
  6 orcs
  6 ball pythons
  7 endoplasms
  4 giant cockroaches
  11 goblins
  6 hobgoblins
  6 jackals (D:1)
  9 kobolds
  2 quokkas
  7 bats
  A frilled lizard (D:2)
  3 rats
78 creatures vanquished.

Vanquished Creatures (others)
  5 plants (D:1)
5 creatures vanquished.

Grand Total: 83 creatures vanquished

Notes
Turn   | Place    | Note
-------+----------+-------------------------------------------
     0 | D:1      | Ajdolov the Vine Stalker Hunter began the quest for the
                  | Orb.
     0 | D:1      | Reached XP level 1. HP: 11/11 MP: 2/2
   377 | D:1      | Reached XP level 2. HP: 15/15 MP: 3/3
   438 | D:1      | Reached skill level 4 in Bows
   605 | D:1      | Reached XP level 3. HP: 14/18 MP: 4/4
  1085 | D:1      | Found Xifune Hucue's Armour Emporium.
  1587 | D:2      | Found a faded altar of an unknown god.
  1652 | D:2      | Gained mutation: Your natural rate of healing is unusually
                  | fast. [Vine Stalker growth]
  1652 | D:2      | Reached XP level 4. HP: 23/23 MP: 5/5
  1852 | D:3      | Found a broken altar of Ashenzari.
  2127 | D:3      | Found a sacrificial altar of Ru.
  2230 | D:4      | Found Uwnal's Antique Armour Boutique.
  2235 | D:4      | Bought a glowing helmet for 172 gold pieces
  2250 | D:4      | Noticed a kobold brigand
  2420 | D:4      | Noticed a centaur
  2432 | D:4      | Killed a centaur
  2433 | D:4      | Reached skill level 5 in Bows
  2433 | D:4      | Reached XP level 5. HP: 9/26 MP: 1/6
  2606 | D:4      | Noticed Robin
  2609 | D:4      | Killed Robin
  3072 | D:5      | Entered Level 5 of the Dungeon
  3165 | D:5      | Noticed an ice beast
  3218 | D:5      | Noticed a centaur
  3233 | D:5      | Killed a centaur
  3234 | D:5      | Reached XP level 6. HP: 30/30 MP: 7/7
  3242 | D:5      | Reached skill level 6 in Bows
  3247 | D:5      | Noticed Sigmund
  3534 | D:5      | Reached skill level 5 in Stealth
  3565 | D:5      | Noticed a water moccasin
  3611 | D:5      | Noticed a sky beast
  3627 | D:5      | Slain by a sky beast

Illustrated notes

Levels and vault maps discovered:
D:1:      tarquinn_simple_flora_water_c, layout_basic, serial_shops,
          nicolae_lakefront_shop, minivault_11, minmay_statues_item,
          corexii_corridor_pit, minmay_tetromino_l2
D:2:      layout_basic, shapermc_ecumenical_altar_flowoftime
D:3:      layout_rooms, hangedman_ru_absence,
          mainiacjoe_overflow_small_starburst
D:4:      layout_loops_cross, serial_shops, nicolae_shop_trees, uniq_robin
D:5:      minmay_diamond_boxcup, layout_basic, minmay_temple_entry_wispy,
          nzn_random_ring, uniq_sigmund

Skill      XL: |  1  2  3  4  5  6 |
---------------+-------------------+-----
Bows           | 4 5 6 |  6.3
Stealth        | 2 3 4 5 |  5.0
Fighting       | |  1.7
Dodging        | |  1.5

Action                   |  1- 3 |  4- 6 || total
-------------------------+-------+-------++-------
 Fire: Shortbow          |    79 |   106 ||   185
Armor: Leather armour    |     2 |    25 ||    27
Dodge: Dodged            |     5 |    46 ||    51

Table legend: (Time is in decaauts)
 A = Elapsed time spent in this place.
 B = Non-inter-level travel time spent in this place.
 C = Inter-level travel time spent in this place.
 D = Time resting spent in this place.
 E = Time spent auto-exploring this place.
 F = Levels seen in this place.
 G = Mean time per level.
                   A        B        C        D        E       F      G
               +--------+--------+--------+--------+--------+-----+--------+
         Total |   3682 |   3537 |    145 |    370 |   2492 |   5 |  736.4 |
       Dungeon |   3682 |   3537 |    145 |    370 |   2492 |   5 |  736.4 |
               +--------+--------+--------+--------+--------+-----+--------+

Top non-repeatable levels by time:
     D:1: 1152 daAuts
     D:4: 866 daAuts
     D:2: 650 daAuts
     D:5: 567 daAuts
     D:3: 446 daAuts
